 Dungeon Crawl Stone Soup version 0.30-a0-989-g0d87f670db (webtiles) character file.

Game seed: 6108107641309444635

36648 Maxmaps the Fighter (level 13, 0/109 HPs)
             Began as a Demonspawn Monk on Apr 3, 2023.
             Was an Initiate of Gozag.
             Slain by a komodo dragon (17 damage)
             ... on level 2 of the Lair of Beasts.
             The game lasted 00:18:44 (15671 turns).

Maxmaps the Fighter (Demonspawn Monk)              Turns: 15671, Time: 00:18:45

Health: 0/109      AC:  9    Str: 11    XL:     13   Next: 54%
Magic:  0/13       EV: 10    Int: 16    God:    Gozag
Gold:   1300       SH: 13    Dex: 19    Spells: 12/12 levels left

rFire   . . .      SeeInvis .    p - +1 short sword (venom)
rCold   + . .      Faith    .    g - +0 kite shield
rNeg    . . .      Spirit   +    w - +0 ring mail
rPois   +          Reflect  .    (no helmet)
rElec   .          Rampage  .    (cloak unavailable)
rCorr   .                        t - +1 pair of gloves
Will    .....                    B - +0 pair of boots
Stlth   ++                       l - amulet of guardian spirit
HPRegen 0.38/turn                u - ring of poison resistance
MPRegen 0.26/turn                D - ring of wizardry

@: no status effects
A: slimy green scales 2, magic shield, magic regeneration, demonic magic 2,
weakness stinger 3, agile 1, cold resistance 1, deformed body
a: Renounce Religion, Potion Petition, Call Merchant, Bribe Branch


You were on level 2 of the Lair of Beasts.
You worshipped Gozag.
Gozag was most pleased with you.
You visited 3 branches of the dungeon, and saw 15 of its levels.

You collected 1816 gold pieces.
You paid 516 gold pieces to Gozag.

Inventory:

Hand Weapons
 e - a +3 long sword
 p - a +1 short sword of venom (weapon)
Missiles
 a - 2 boomerangs (quivered)
Armour
 g - a +0 kite shield (worn)
 t - a +1 pair of gloves (worn)
 w - a +0 ring mail (worn)
 B - a +0 pair of boots (worn)
 H - a +0 cloak
Jewellery
 l - an amulet of guardian spirit (around neck)
 u - a ring of poison resistance (left hand)
 x - a ring of ice
 D - a ring of wizardry (right hand)
 G - an amulet of magic regeneration
Wands
 q - a wand of mindburst (16)
 F - a wand of iceblast (4)
Scrolls
 d - 7 scrolls of teleportation
 i - 2 scrolls of blinking
 j - a scroll of torment
 k - 2 scrolls of vulnerability
 n - 4 scrolls of butterflies
 r - a scroll of magic mapping
 v - a scroll of enchant weapon
 y - a scroll of silence
 I - 2 scrolls of noise
 J - a scroll of brand weapon {unknown}
 L - a scroll of fog
Potions
 b - a potion of ambrosia
 c - 4 potions of attraction
 f - 3 potions of cancellation
 h - 2 potions of brilliance
 s - a potion of mutation
 z - 3 potions of haste
 E - 3 potions of degeneration


   Skills:
 - Level 12.4 Fighting
 - Level 10.0(10.9) Short Blades
 + Level 6.6(9.3) Long Blades
 - Level 3.0 Armour
 - Level 2.6 Dodging
 - Level 1.7 Stealth
 - Level 12.0 Shields
 - Level 2.6 Unarmed Combat


You had 12 spell levels left.
You didn't know any spells.
Your spell library contained the following spells:

 Spells                   Type           Power      Damage    Failure   Level
 Magic Dart               Conj           0%         1d3       41%         1
 Sandblast                Erth           0%         2d4       41%         1
 Lesser Beckoning         Tloc           0%         N/A       54%         2
 Passwall                 Tmut/Erth      0%         N/A       54%         2
 Scorch                   Fire           0%         2d5       54%         2
 Searing Ray              Conj           0%         2d4       54%         2
 Gell's Gravitas          Tloc           0%         N/A       77%         3
 Inner Flame              Hex/Fire       0%         N/A       77%         3
 Ozocubu's Armour         Ice            0%         N/A       77%         3
 Stone Arrow              Conj/Erth      0%         3d7       77%         3
 Teleport Other           Tloc           0%         N/A       77%         3
 Flame Wave               Conj/Fire      0%         2d4       98%         4
 Fulminant Prism          Conj/Hex       0%         3d5       98%         4
 Sticky Flame             Conj/Fire      0%         2d3       98%         4
 Summon Ice Beast         Ice/Summ       0%         N/A       98%         4
 Metabolic Englaciation   Hex/Ice        0%         N/A       100%        5
 Summon Mana Viper        Hex/Summ       0%         N/A       100%        5
 Yara's Violent Unravell  Hex/Tmut       0%         3d3       100%        5
 Summon Cactus Giant      Summ           0%         N/A       100%        6
 Enfeeble                 Hex            0%         N/A       100%        7
 Monstrous Menagerie      Summ           0%         N/A       100%        7
 Simulacrum               Ice/Necr       Unusable   N/A       N/A         6

Dungeon Overview and Level Annotations

Branches:
Dungeon (12/15)            Temple (1/1) D:7            Lair (2/5) D:11
  Swamp: Lair:2-3    Shoals: Lair:2-3     Snake: Lair:2-3    Spider: Lair:2-3
    Orc: D:9-12

Altars:
Ashenzari
Cheibriados
Dithmenos
Fedhas
Gozag
Hepliaklqana
Kikubaaqudgha
Makhleb
Nemelex Xobeh
Okawaru
Qazlal
Ru
Sif Muna
Trog
Uskayaw
Vehumet
Wu Jian
Xom
Yredelemnul

Shops:
D:6 !


Innate Abilities, Weirdness & Mutations

You are mostly covered in slimy green scales. (AC +3)
When hurt, damage is shared between your health and your magic reserves.
You regenerate magic rapidly.
Spells you cast may paralyse nearby enemies.
You have a sharp stinger which inflicts weakening toxins.
You are agile. (Dex +4, Str/Int -1)
Your flesh is cold resistant. (rC+)
Armour fits poorly on your strangely shaped body.


Message History

The death yak gores you.
You barely miss the death yak.
The death yak is moderately wounded.
You block the komodo dragon's attack.
You barely miss the komodo dragon.
Your tail-slap misses the komodo dragon.
The death yak gores you but does no damage.
You hit the death yak.
The death yak is poisoned.
The death yak is lightly wounded.
You block the death yak's attack.
You hit the death yak.
The death yak looks as sick as possible!
The death yak is lightly wounded.
There's something in the way.
You hit the death yak but do no damage.
The death yak looks as sick as possible!
The death yak is lightly wounded.
The death yak gores you but does no damage.
The death yak closely misses you.
You hit the death yak but do no damage.
The death yak looks as sick as possible!
The death yak is lightly wounded.
You hit the death yak.
The death yak is lightly wounded.
The death yak gores you! You block the death yak's attack.
You block the komodo dragon's attack.
You closely miss the komodo dragon. The death yak gores you.
The death yak closely misses you.
You closely miss the komodo dragon.
Your tail-slap misses the komodo dragon.
The komodo dragon bites you!!
You hit the komodo dragon but do no damage.
The komodo dragon is poisoned.
You block the death yak's attack. x2
The komodo dragon bites you!!
* * * LOW HITPOINT WARNING * * *
The death yak attacks as you move away! You block the death yak's attack.
The komodo dragon attacks as you move away!
The komodo dragon bites you!!
You die...
Your body crumbles into a pile of gold.

#### #### ### ######
#####.#.#
#.#.###.####.##P###.#..#.##Y
#...........................
#P........<.................
#P..........................
#..........................
##.......#..................
#......###.@................
##.....####lY........##P##..
##......###Y...##P#P.# ## .
#......###.YY######..##
##......##..#Y.# ##..# ##
#..........#.#####..###.#
#...........>............
#........................
#.....##.P####.P.........


You could see 5 death yaks and a komodo dragon (very poisoned).

Vanquished Creatures
  2 boulder beetles (D:11)
  A death yak (Lair:1)
  3 manticores
  2 cyclopes (D:11)
  6 elephants (Lair:2)
  A black mamba (Lair:1)
  2 cane toads (Lair:1)
  2 unseen horrors
  2 komodo dragons
  A polar bear (Lair:1)
  3 trolls
  3 blink frogs (Lair:2)
  A hornet (D:10)
  Sigmund (D:6)
  A vampire (D:11)
  10 yaks
  A basilisk (Lair:1)
  A wyvern (D:7)
  3 steam dragons
  An acid dragon (D:10)
  4 water moccasins
  2 orc warriors
  2 ice beasts
  A black bear (D:6)
  2 ogres
  5 centaurs
  A phantom (D:4)
  2 kobold brigands
  A gnoll sergeant (D:7)
  6 bullfrogs
  3 scorpions
  5 wights (D:9)
  3 howler monkeys
  6 jellies
  7 orc priests
  3 hounds
  A sleepcap (D:5)
  6 iguanas
  6 orc wizards
  Natasha (thrice) (D:4)
  7 gnolls
  8 adders
  2 white imps
  3 worms
  5 dart slugs
  34 orcs
  3 bats
  9 endoplasms
  4 goblins
  6 hobgoblins
  6 jackals
  4 quokkas
  5 ball pythons
  6 frilled lizards
  13 kobolds
  5 rats (D:1)
236 creatures vanquished.

Vanquished Creatures (others)
  An unseen horror (D:11)
  3 fungi (Lair:2)
  8 plants (Lair:2)
12 creatures vanquished.

Grand Total: 248 creatures vanquished

Notes
Turn   | Place    | Note
-------+----------+-------------------------------------------
     0 | D:1      | Maxmaps the Demonspawn Monk began the quest for the Orb.
     0 | D:1      | Reached XP level 1. HP: 18/18 MP: 1/1
   326 | D:1      | Gained mutation: You are partially covered in slimy green
                  | scales. (AC +2) [demonic ancestry]
   326 | D:1      | Reached XP level 2. HP: 9/24 MP: 2/2
   837 | D:1      | Gained mutation: You have a small tail. [demonic ancestry]
   837 | D:1      | Reached XP level 3. HP: 30/30 MP: 3/3
  1087 | D:2      | Reached skill level 1 in Armour
  1416 | D:2      | Reached XP level 4. HP: 37/37 MP: 4/4
  1473 | D:2      | You fall into a shaft and drop 1 floor!
  1706 | D:3      | Found an ornate altar of the Wu Jian Council.
  2594 | D:3      | Gained mutation: Spells you cast may paralyse adjacent
                  | enemies. [demonic ancestry]
  2594 | D:3      | Reached XP level 5. HP: 41/42 MP: 5/5
  3092 | D:4      | Gained mutation: You regenerate magic rapidly. [demonic
                  | ancestry]
  3092 | D:4      | Reached XP level 6. HP: 40/48 MP: 6/6
  3405 | D:4      | Noticed Natasha
  3413 | D:4      | Killed Natasha
  3460 | D:4      | Noticed Natasha
  3469 | D:4      | Killed Natasha
  3594 | D:4      | Noticed Natasha
  3600 | D:4      | Killed Natasha
  3753 | D:5      | Entered Level 5 of the Dungeon
  4035 | D:5      | Reached skill level 5 in Short Blades
  4035 | D:5      | Gained mutation: You have a tail ending in a sharp stinger.
                  | [demonic ancestry]
  4035 | D:5      | Reached XP level 7. HP: 47/54 MP: 5/7
  5436 | D:6      | Found Pywumell's Distillery.
  5510 | D:6      | Gained mutation: Spells you cast may paralyse nearby
                  | enemies. [demonic ancestry]
  5510 | D:6      | Reached XP level 8. HP: 51/59 MP: 5/8
  5607 | D:6      | Noticed Sigmund
  5620 | D:6      | Killed Sigmund
  6627 | D:7      | Noticed a manticore
  6690 | D:6      | Reached XP level 9. HP: 34/65 MP: 6/9
  6884 | D:7      | Found a staircase to the Ecumenical Temple.
  6917 | D:7      | Reached skill level 10 in Short Blades
  7057 | Temple   | Entered the Ecumenical Temple
  7395 | Temple   | Became a worshipper of Gozag Ym Sagoz the Greedy
  7540 | D:7      | Reached skill level 5 in Fighting
  8500 | D:7      | HP: 3/75 [manticore (6)]
  8502 | D:7      | Killed a manticore
  8772 | D:7      | Gained mutation: You are mostly covered in slimy green
                  | scales. (AC +3) [demonic ancestry]
  8772 | D:7      | Reached XP level 10. HP: 81/83 MP: 8/10
  9291 | D:8      | Reached skill level 1 in Shields
 10059 | D:9      | Noticed a manticore
 10075 | D:9      | Killed a manticore
 10311 | D:9      | Found a shimmering altar of Xom.
 10319 | D:9      | Found a shimmering altar of Xom.
 10692 | D:10     | Entered Level 10 of the Dungeon
 10695 | D:10     | Reached skill level 5 in Shields
 11911 | D:11     | Found a staircase to the Lair.
 12023 | D:11     | Noticed a boulder beetle
 12048 | D:11     | Killed a boulder beetle
 12049 | D:11     | Reached XP level 11. HP: 42/89 MP: 8/11
 13002 | D:11     | HP: 4/89 [vampire (7)]
 13005 | D:11     | Gained mutation: You have a sharp stinger which inflicts
                  | weakening toxins. [demonic ancestry]
 13005 | D:11     | Reached XP level 12. HP: 28/96 MP: 1/12
 13011 | D:11     | Gained mutation: When hurt, damage is shared between your
                  | health and your magic reserves. [demonic ancestry]
 13011 | D:11     | Reached XP level 13. HP: 14/109 MP: 1/13
 13011 | D:11     | HP: 3/109 [something (4)]
 13011 | D:11     | HP: 1/109 [something (2)]
 13487 | D:11     | Reached skill level 1 in Long Blades
 13917 | Lair:1   | Entered Level 1 of the Lair of Beasts
 15018 | Lair:1   | Reached skill level 5 in Long Blades
 15153 | Lair:2   | Gained mutation: Armour fits poorly on your strangely
                  | shaped body. [potion of mutation]
 15153 | Lair:2   | Gained mutation: Your flesh is cold resistant. (rC+)
                  | [potion of mutation]
 15153 | Lair:2   | Gained mutation: You are agile. (Dex +4, Str/Int -1)
                  | [potion of mutation]
 15195 | Lair:2   | HP: 7/163 [elephant (12)]
 15671 | Lair:2   | Slain by a komodo dragon

Illustrated notes

Levels and vault maps discovered:
D:1:      roderic_crossed_star, layout_basic, chequers_serial_rivers_large_a,
          chequers_serial_rivers_micro_a, amcnicky_mini_corridor_feature
D:2:      layout_loops_ring
D:3:      layout_loops_ring, nicolae_wu_jian_immortal_techniques,
          kennysheep_generic_room_7
D:4:      layout_basic, uniq_natasha
D:5:      layout_layer_cave
D:6:      layout_basic, serial_shops, shop_fountains, corexii_hall_statues_i,
          minmay_misc_feat_more_columns, uniq_sigmund
D:7:      minmay_opposing_rooms, layout_rooms, minmay_temple_entry_crystal_x
D:8:      layout_rooms
D:9:      layout_basic, xom_redecorated
D:10:     layout_roguey, chequers_serial_rivers_room_a
D:11:     layout_roguey, lair_entry_dummy
D:12:     layout_basic, erik_orc_4, gammafunk_ghost_smash, uniq_gastronok
Temple:   mainiacjoe_temple_cubbyholes
Lair:1:   layout_cellular_growth
Lair:2:   dreamdust_labyrinth, layout_chaotic_city, shoals_dummy_entry,
          nicolae_lair_liquid_snakes

Skill      XL: |  1  2  3  4  5  6  7  8  9 10 11 12 13 |
---------------+----------------------------------------+-----
Fighting       | 4 9 12 | 12.4
Armour         | 2 3 |  3.0
Short Blades   | 3 5 7 9 10 | 10.0
Shields        | 8 12 | 12.0
Long Blades    | 6 |  6.6
Dodging        | |  2.6
Stealth        | |  1.7
Unarmed Combat | |  2.6

Action                     |  1- 3 |  4- 6 |  7- 9 | 10-12 | 13-15 || total
---------------------------+-------+-------+-------+-------+-------++-------
  Melee: Unarmed           |   143 |    45 |       |       |       ||   188
         Punch             |     1 |     4 |    13 |     1 |       ||    19
         Tailslap          |     6 |    46 |    84 |    88 |    80 ||   304
         Short sword       |       |   175 |   455 |   431 |   287 ||  1348
         Long sword        |       |       |       |    23 |    37 ||    60
 Invoke: Potion Petition   |       |       |     1 |       |     1 ||     2
    Use: Scroll            |       |       |    10 |     9 |     3 ||    22
         Potion            |       |       |     3 |    10 |    10 ||    23
   Stab: Sleeping          |     3 |     2 |       |     1 |       ||     6
         Distracted        |       |       |       |     1 |       ||     1
 Armour: Robe              |    30 |    37 |       |       |       ||    67
         Ring mail         |       |    29 |   150 |   155 |    70 ||   404
         Skin              |       |       |       |       |    29 ||    29
  Dodge: Dodged            |    69 |   143 |   186 |   102 |    70 ||   570
  Block: Kite shield       |       |       |       |   139 |   165 ||   304

Table legend: (Time is in decaauts)
 A = Elapsed time spent in this place.
 B = Non-inter-level travel time spent in this place.
 C = Inter-level travel time spent in this place.
 D = Time resting spent in this place.
 E = Time spent auto-exploring this place.
 F = Levels seen in this place.
 G = Mean time per level.
                   A        B        C        D        E       F      G
               +--------+--------+--------+--------+--------+-----+--------+
         Total |  15204 |  14920 |    284 |   3721 |   8341 |  15 | 1013.6 |
       Dungeon |  12810 |  12548 |    262 |   3034 |   7163 |  12 | 1067.5 |
        Temple |    761 |    761 |      0 |    348 |    286 |   1 |  761.0 |
          Lair |   1632 |   1611 |     21 |    339 |    892 |   2 |  816.0 |
               +--------+--------+--------+--------+--------+-----+--------+

Top non-repeatable levels by time:
    D:11: 1750 daAuts
     D:7: 1570 daAuts
     D:5: 1494 daAuts
    D:10: 1395 daAuts
     D:6: 1288 daAuts
  Lair:1: 1104 daAuts
     D:9: 1078 daAuts
     D:4: 1062 daAuts
     D:1: 1012 daAuts
     D:3: 945 daAuts
  Temple: 761 daAuts
     D:2: 723 daAuts
  Lair:2: 528 daAuts
     D:8: 484 daAuts
    D:12: 6 daAuts
